 Dungeon Crawl Stone Soup version 0.30-a0-585-g93115170b9 (webtiles) character file.

Game seed: 2737387256828131515

79 Crownlay the Sneak (level 4, -4/32 HPs)
             Began as a Gnoll Wanderer on Jan 1, 2023.
             Slain by an iron imp (5 damage)
             ... summoned by Natasha
             ... on level 2 of the Dungeon.
             The game lasted 00:01:53 (1157 turns).

Crownlay the Sneak (Gnoll Wanderer)                 Turns: 1157, Time: 00:01:54

Health: -4/32      AC:  3    Str: 10    XL:     4   Next: 38%
Magic:  6/6        EV: 13    Int: 10    God:
Gold:   155        SH:  0    Dex: 16    Spells: 5/5 levels left

rFire   . . .      SeeInvis .    a - +2 short sword
rCold   . . .      Faith    .    (no shield)
rNeg    . . .      Spirit   .    e - +0 robe
rPois   .          Reflect  .    (no helmet)
rElec   .          Harm     .    c - +0 cloak
rCorr   .          Rampage  .    (no gloves)
Will    .....                    (no boots)
Stlth   +++                      (no amulet)
HPRegen 0.25/turn                (no ring)
MPRegen 0.10/turn                (no ring)

@: attractive, slowed, very slow
A: fangs 1, strong nose, distributed training
a: no special abilities


You were on level 2 of the Dungeon.
You visited 1 branch of the dungeon, and saw 2 of its levels.

You collected 155 gold pieces.

Inventory:

Hand Weapons
 a - a +2 short sword (weapon)
 b - a +0 spear
Armour
 c - a +0 cloak (worn)
 e - a +0 robe (worn)
Scrolls
 d - a scroll of blinking
 f - a scroll of teleportation {unknown}
 g - a scroll of butterflies {unknown}
 j - a scroll of identify {unknown}
 k - a scroll of amnesia {unknown}
Potions
 i - 2 potions of heal wounds {unknown}


   Skills:
 + Level 1.2 Fighting
 + Level 4.6 Short Blades
 + Level 1.2 Long Blades
 + Level 1.2 Axes
 + Level 1.2 Maces & Flails
 + Level 4.6 Polearms
 + Level 1.2 Staves
 + Level 1.2 Ranged Weapons
 + Level 2.8 Throwing
 + Level 1.2 Armour
 + Level 2.8 Dodging
 + Level 6.0 Stealth
 + Level 1.2 Shields
 + Level 1.2 Unarmed Combat
 + Level 1.2 Spellcasting
 + Level 1.0 Conjurations
 + Level 1.0 Hexes
 + Level 1.0 Summonings
 + Level 1.0 Necromancy
 + Level 1.0 Translocations
 + Level 1.0 Transmutations
 + Level 1.0 Fire Magic
 + Level 1.0 Ice Magic
 + Level 1.0 Air Magic
 + Level 1.0 Earth Magic
 + Level 1.0 Poison Magic
 + Level 2.9 Invocations
 + Level 1.2 Evocations


You had 5 spell levels left.
You didn't know any spells.
Your spell library contained the following spells:

 Spells                   Type           Power      Damage    Failure   Level
 Ignite Poison            Fire/Tmut/Pois 2%         N/A       56%         3
 Kindle Blastsparks       Fire/Tloc/Air  4%         2d10      56%         3
 Freezing Cloud           Conj/Ice/Air   1%         6-21      99%         5


Dungeon Overview and Level Annotations

Branches:
Dungeon (2/15)

Altars:

Annotations:
D:2 Natasha


Innate Abilities, Weirdness & Mutations

You have very sharp teeth.
Your uncanny sense of smell can sniff out nearby items.
Your experience applies equally to all skills.


Message History

The frilled lizard bites you. Natasha barely misses you.
The frilled lizard bites you.
You are too injured to fight recklessly!
You are too injured to fight recklessly!
You are too injured to fight recklessly!
You are too injured to fight recklessly!
You are too injured to fight recklessly!
You are too injured to fight recklessly!
You hit Natasha.
Natasha is heavily wounded.
Natasha closely misses you. The frilled lizard barely misses you.
You hit Natasha but do no damage.
Natasha is heavily wounded.
Natasha stares at you and mumbles some strange words.
You resist with some effort. The frilled lizard misses you.
You closely miss Natasha.
Natasha is heavily wounded.
Natasha claws you.
* * * LOW HITPOINT WARNING * * *
The frilled lizard closely misses you.
Natasha mumbles some strange words.
You hit Natasha. Your bite misses Natasha.
Natasha is severely wounded.
The frilled lizard closely misses you.
Natasha drinks a potion.
Natasha is healed!
You hit Natasha.
Natasha is moderately wounded.
The frilled lizard bites you but does no damage.
Natasha stares at you and mumbles some strange words.
The magic dart hits you.
* * * LOW HITPOINT WARNING * * *
The iron imp barely misses you.
It was a potion of attraction.
You feel attractive to monsters. The frilled lizard bites you.
* * * LOW HITPOINT WARNING * * *
Natasha barely misses you.
The frilled lizard completely misses you.
The iron imp hits you.
You die...

############ #..........#
####.########.#####
#.................#
#.##.########.###.#
#.##.##.###.....#.# ####### #
#.##.#...##.....#.# #..)... #
#.##........5.....### #)##### #
#.##.#..[##h@.....#.###)#
#####.##.#...##l.......#....#
......##..###......#..###.#######
##########.#.#####.#.## ##.......
# ##.## #.##.###.######. # #.#
#.###.#.## #.
###########.######.# ##.## #.
...................# #.# #.
###########.######## #.# #.


You could see an iron imp (summoned), Natasha and a frilled lizard.

Vanquished Creatures
  Natasha (D:2)
  Robin (D:2)
  3 dart slugs
  2 ball pythons (D:2)
  4 endoplasms
  A giant cockroach (D:1)
  8 goblins
  5 hobgoblins
  2 quokkas
  3 bats
  A frilled lizard (D:1)
  3 kobolds
  2 rats (D:2)
36 creatures vanquished.

Notes
Turn   | Place    | Note
-------+----------+-------------------------------------------
     0 | D:1      | Crownlay the Gnoll Wanderer began the quest for the Orb.
     0 | D:1      | Crownlay set off with the following items: a +2 short
                  | sword, a +0 spear, a +0 cloak, a scroll of blinking, a +0
                  | robe.
     0 | D:1      | Reached XP level 1. HP: 13/13 MP: 2/2
   111 | D:1      | Reached XP level 2. HP: 15/19 MP: 3/3
   645 | D:2      | Reached XP level 3. HP: 25/25 MP: 4/4
   804 | D:2      | Reached skill level 6 in Stealth
   809 | D:2      | Noticed Robin
   823 | D:2      | Killed Robin
   833 | D:2      | Reached skill level 1 in Fighting
   833 | D:2      | Reached skill level 1 in Long Blades
   833 | D:2      | Reached skill level 1 in Axes
   833 | D:2      | Reached skill level 1 in Maces & Flails
   833 | D:2      | Reached skill level 1 in Staves
   833 | D:2      | Reached skill level 1 in Ranged Weapons
   833 | D:2      | Reached skill level 1 in Armour
   833 | D:2      | Reached skill level 1 in Shields
   833 | D:2      | Reached skill level 1 in Unarmed Combat
   833 | D:2      | Reached skill level 1 in Spellcasting
   833 | D:2      | Reached skill level 1 in Evocations
   937 | D:2      | Noticed Natasha
   946 | D:2      | Killed Natasha
   947 | D:2      | Reached XP level 4. HP: 32/32 MP: 6/6
  1018 | D:2      | Reached skill level 1 in Conjurations
  1018 | D:2      | Reached skill level 1 in Hexes
  1018 | D:2      | Reached skill level 1 in Summonings
  1018 | D:2      | Reached skill level 1 in Necromancy
  1018 | D:2      | Reached skill level 1 in Translocations
  1018 | D:2      | Reached skill level 1 in Transmutations
  1018 | D:2      | Reached skill level 1 in Fire Magic
  1018 | D:2      | Reached skill level 1 in Ice Magic
  1018 | D:2      | Reached skill level 1 in Air Magic
  1018 | D:2      | Reached skill level 1 in Earth Magic
  1018 | D:2      | Reached skill level 1 in Poison Magic
  1125 | D:2      | Noticed Natasha
  1157 | D:2      | HP: 1/32 [frilled lizard (2)]
  1157 | D:2      | Slain by an iron imp

Illustrated notes

Levels and vault maps discovered:
D:1:      dpeg_arrival_solitude, layout_rooms
D:2:      layout_loops_ring, kennysheep_generic_room_15, uniq_robin,
          uniq_natasha

Skill      XL: |  1  2  3  4 |
---------------+-------------+-----
Stealth        | 6 |  6.0
Fighting       | 1 |  1.2
Long Blades    | 1 |  1.2
Axes           | 1 |  1.2
Maces & Flails | 1 |  1.2
Staves         | 1 |  1.2
Ranged Weapons | 1 |  1.2
Armour         | 1 |  1.2
Shields        | 1 |  1.2
Unarmed Combat | 1 |  1.2
Spellcasting   | 1 |  1.2
Evocations     | 1 |  1.2
Conjurations   | 1 |  1.0
Hexes          | 1 |  1.0
Summonings     | 1 |  1.0
Necromancy     | 1 |  1.0
Translocations | 1 |  1.0
Transmutations | 1 |  1.0
Fire Magic     | 1 |  1.0
Ice Magic      | 1 |  1.0
Air Magic      | 1 |  1.0
Earth Magic    | 1 |  1.0
Poison Magic   | 1 |  1.0
Short Blades   | |  4.6
Polearms       | |  4.6
Throwing       | |  2.8
Dodging        | |  2.8
Invocations    | |  2.9

Action                   |  1- 3 |  4- 6 || total
-------------------------+-------+-------++-------
Melee: Short sword       |    91 |    29 ||   120
       Bite              |    10 |     2 ||    12
  Use: Potion            |     2 |     1 ||     3
 Stab: Sleeping          |     7 |     4 ||    11
Armor: Robe              |     8 |     2 ||    10
Dodge: Dodged            |    45 |    18 ||    63

Table legend: (Time is in decaauts)
 A = Elapsed time spent in this place.
 B = Non-inter-level travel time spent in this place.
 C = Inter-level travel time spent in this place.
 D = Time resting spent in this place.
 E = Time spent auto-exploring this place.
 F = Levels seen in this place.
 G = Mean time per level.
                   A        B        C        D        E       F      G
               +--------+--------+--------+--------+--------+-----+--------+
         Total |   1132 |   1088 |     44 |      0 |    850 |   2 |  566.0 |
       Dungeon |   1132 |   1088 |     44 |      0 |    850 |   2 |  566.0 |
               +--------+--------+--------+--------+--------+-----+--------+

Top non-repeatable levels by time:
     D:1: 597 daAuts
     D:2: 534 daAuts
